AoeStats
← THL

Arabia

506781090Analyzed
1v1 RM · 18d ago on Sep 15, 2026· 42m 11s· 2 players
Game mode
Random Map
Map size
Tiny (2 player)
Population
200
Speed
Normal
Resources
Standard
Victory
Conquest
Starting age
Dark Age
Ending age
Imperial Age
RankedLock teamsTeams togetherTeam positionsShared explorationLock speedFull tech treeHidden civsTurbo modeCheats
Victory
Defeat
🇨🇳 Magyars · China
1766
+16
🇻🇳 Tatars · Vietnam
1761
-16
THL
6:29 Loom
9:02 Feudal Age
9:43 Double-Bit Axe
12:18 Horse Collar
13:18 Fletching
21:33 Castle Age
20:27 Scale Barding Armor
21:47 Bloodlines
21:55 Light Cavalry
22:35 Husbandry
25:43 Bodkin Arrow
27:41 Padded Archer Armor
27:35 Gold Mining
29:35 Wheelbarrow
30:06 Leather Archer Armor
32:12 Ballistics
38:09 Imperial Age
36:13 Stone Mining
37:05 Elite Skirmisher
38:17 Hand Cart
38:27 Chain Barding Armor
38:51 Bracer
41:15 Ring Archer Armor
41:06 Chain Barding Armor
41:53 Chemistry
42:45 Bow Saw
cff
5:38 Loom
9:31 Feudal Age
10:44 Double-Bit Axe
10:21 Man-at-Arms
15:49 Horse Collar
16:27 Fletching
21:06 Castle Age
19:53 Padded Archer Armor
20:06 Gold Mining
21:18 Elite Skirmisher
21:54 Bodkin Arrow
22:14 Leather Archer Armor
22:28 Bow Saw
24:08 Wheelbarrow
23:18 Town Watch
24:03 Leather Archer Armor
27:40 Husbandry
28:03 Heavy Plow
28:30 Thumb Ring
28:49 Husbandry
32:05 Ballistics
32:16 Bloodlines
37:24 Imperial Age
35:11 Hand Cart
36:55 Stone Mining
38:07 Bracer
39:10 Chemistry
38:36 Parthian Tactics
38:43 Ring Archer Armor
39:00 Conscription
40:22 Recurve Bow
40:14 Heavy Cavalry Archer
42:31 Gold Shaft Mining
42:52 Hoardings
42:31 Scale Barding Armor
Connection lost

Rejoining the realm…

Still unreachable

The connection could not be restored.

Session expired

The server has moved on; the page needs a fresh start.